 Dungeon Crawl Stone Soup version 0.18-a0-1702-gd20c6a5 (webtiles) character file.

393 Ijustatesigmund the Sneak (level 6, -3/36 HPs)
             Began as an Octopode Wizard on Apr 7, 2016.
             Slain by an ice beast (14 damage)
             ... on level 6 of the Dungeon.
             The game lasted 00:12:56 (4190 turns).

Ijustatesigmund the Sneak (Octopode Wizard)         Turns: 4190, Time: 00:12:57

Health: -3/36      AC:  1    Str:  6    XL:     6   Next: 81%
Magic:  4/10       EV: 12    Int: 21    God:
Gold:   191        SH:  0    Dex: 12    Spells: 4 memorised, 3 levels left

rFire  . . .     SeeInvis .     m - +1 dagger (venom)
rCold  . . .     Gourm    .     (no shield)
rNeg   . . .     Faith    .     a - +0 hat
rPois  .         Spirit   .     (no amulet)
rElec  .         Dismiss  .     (no ring)
rCorr  .         Reflect  .     (no ring)
SustAt .         Harm     .     (no ring)
MR     .....                    (no ring)
Stlth  ++++......               (no ring)
                                (no ring)
                                (no ring)
                                (no ring)

@: very slightly contaminated, repel missiles, not resistant to hostile
enchantments, stealthy
A: almost no armour, amphibious, 8 rings, constrict 8, camouflage 1, gelatinous
body 1
a: no special abilities


You were on level 6 of the Dungeon.
You were not hungry.

You visited 2 branches of the dungeon, and saw 7 of its levels.

You collected 191 gold pieces.

Inventory:

Hand Weapons
 e - a +0 dagger
 g - a +0 dagger of freezing
 m - a +1 dagger of venom (weapon)
 v - a +0 blowgun
Missiles
 k - 16 poisoned needles
Armour
 a - a +0 hat (worn)
Wands
 o - a wand of slowing (21/48)
Scrolls
 l - a scroll of immolation
 t - a scroll of teleportation
Potions
 d - 2 potions of cure mutation
 f - a potion of might
 h - a potion of magic {unknown}
 i - 3 potions of agility
 j - 2 potions of haste {unknown}
 n - 3 potions of resistance
 q - a potion of degeneration {unknown}
 s - a potion of heal wounds
 u - a potion of flight {unknown}
 x - a potion of invisibility {unknown}
Books
 b - a book of Minor Magic

   Spells                             Type                      Level
   a - Magic Dart                     Conjuration                  1
   b - Blink                          Translocation                2
   c - Call Imp                       Summoning                    2
   d - Repel Missiles                 Charms/Air                   2
   e - Slow                           Hexes                        2
   f - Conjure Flame                  Conjuration/Fire             3
   g - Mephitic Cloud                 Conjuration/Poison/Air       3
Comestibles
 c - 2 bread rations
 p - a royal jelly
 r - 2 meat rations


   Skills:
 + Level 3.2 Short Blades
 + Level 2.5 Throwing
 - Level 2.0 Dodging
 + Level 4.1 Stealth
 - Level 3.0 Spellcasting
 + Level 4.0 Conjurations
   Level 1.0 Summonings
 - Level 2.0 Translocations


You had 3 spell levels left.
You knew the following spells:

 Your Spells              Type           Power        Failure   Level  Hunger
a - Magic Dart            Conj           ###.         2%          1    None
b - Blink                 Tloc           N/A          12%         2    ##.....
c - Repel Missiles        Chrm/Air       #.....       21%         2    ##.....
d - Mephitic Cloud        Conj/Pois/Air  #.......     24%         3    ###....


Dungeon Overview and Level Annotations

Branches:
Dungeon (6/15)             Temple (1/1) D:5

Altars:
Cheibriados
Elyvilon
Fedhas
Gozag
Kikubaaqudgha
Makhleb
Nemelex Xobeh
Pakellas
Qazlal
Ru
Sif Muna
Trog
Vehumet
Xom
Yredelemnul
Zin
The Shining One

Annotations:
D:2 Sigmund
D:4 Dowan, Duvessa


Innate Abilities, Weirdness & Mutations

You cannot wear most types of armour.
You are amphibious.
You can wear up to eight rings at the same time.
You can use your tentacles to constrict eight enemies at once.
Your skin changes colour to match your surroundings (Stealth).
Your rubbery body absorbs attacks (AC +1).


Message History

You hear the slow hiss of a distant avalanche of sand.
The ice beast closely misses you.
Casting: Magic Dart
Confirm with . or Enter, or press ? or * to list all spells.
Aiming: Magic Dart
Press: ? - help, Shift-Dir - straight line, f/p - ice beast
Aim: an ice beast (severely wounded)
You miscast Magic Dart.
You are very lightly contaminated with residual magic.
Wisps of smoke drift from your tentacles.
The ice beast closely misses you.
Casting: Magic Dart
Confirm with . or Enter, or press ? or * to list all spells.
Aiming: Magic Dart
Press: ? - help, Shift-Dir - straight line, f/p - ice beast
Aim: an ice beast (severely wounded)
The magic dart hits the ice beast.
The ice beast is almost dead.
The ice beast hits you. The ice beast freezes you!
You die...

############.###.#.#
#..................#
#)##########.###<#.#
#.# #..#.#####.###
#.#######.†#.#.......#
#(.)......<#.#.###.#.#
############.# #...#.#
..#.#)###.###
###..@.....(.
..!....Y#.#.###
#######.#Z#.. #.. ...
#.# ## #.# #.# ..#


You could see an ice beast.

Vanquished Creatures
  Menkaure (D:4)
  A centaur (D:6)
  Natasha (thrice) (D:4)
  A hound skeleton (D:4)
  3 adders
  A gnoll (D:6)
  An ooze (D:1)
  3 giant geckos
  4 orcs
  3 ball pythons
  3 giant cockroaches
  5 goblins
  6 hobgoblins
  2 jackals (D:4)
  A quokka (D:4)
  10 bats
  A giant gecko zombie (D:5)
  2 giant newts
  12 kobolds
  5 rats
68 creatures vanquished.

Notes
Turn   | Place    | Note
--------------------------------------------------------------
     0 | D:1      | Ijustatesigmund the Octopode Wizard began the quest for the Orb.
     0 | D:1      | Reached XP level 1. HP: 11/11 MP: 4/4
   376 | D:1      | Reached XP level 2. HP: 17/17 MP: 6/6
   380 | D:1      | Learned a level 2 spell: Blink
   383 | D:1      | Learned a level 2 spell: Repel Missiles
   739 | D:1      | Reached skill level 1 in Short Blades
  1122 | D:1      | Reached XP level 3. HP: 16/21 MP: 4/7
  1644 | D:2      | Noticed Sigmund
  1920 | D:3      | Found an oddly glowing altar of Pakellas.
  2024 | D:3      | Reached XP level 4. HP: 27/27 MP: 8/8
  2029 | D:3      | Learned a level 3 spell: Mephitic Cloud
  2115 | D:3      | Found an oddly glowing altar of Pakellas.
  2130 | D:3      | Found a basalt altar of Yredelemnul.
  2144 | D:3      | Found a snail-covered altar of Cheibriados.
  2149 | D:3      | Found a burning altar of Makhleb.
  2670 | D:4      | Noticed Menkaure
  2677 | D:4      | Killed Menkaure
  2677 | D:4      | Reached skill level 1 in Throwing
  2677 | D:4      | Reached XP level 5. HP: 18/31 MP: 0/9
  2980 | D:4      | Found a glowing silver altar of Zin.
  3008 | D:4      | Noticed Natasha
  3016 | D:4      | Killed Natasha
  3103 | D:4      | Noticed an ogre
  3127 | D:4      | Noticed Natasha
  3146 | D:4      | Killed Natasha
  3146 | D:4      | Reached XP level 6. HP: 36/36 MP: 4/10
  3173 | D:4      | Noticed Natasha
  3182 | D:4      | Killed Natasha
  3556 | D:4      | Noticed Duvessa
  3556 | D:4      | Noticed Dowan
  3581 | D:5      | Entered Level 5 of the Dungeon
  3761 | D:5      | Found a sacrificial altar of Ru.
  3832 | D:5      | Found a staircase to the Ecumenical Temple.
  3843 | Temple   | Entered the Ecumenical Temple
  4181 | D:6      | Noticed an ice beast
  4190 | D:6      | Slain by an ice beast

Vault maps used:
D:1:      tarquinn_simple_flora_water_a
D:2:      wad_crossroads, serial_curves, eino_curves_04, eino_curves_02,
          dk_xom_monty_hall, uniq_sigmund
D:3:      grunt_temple_overflow_cloverleaf, johnstein_pakellas_death_squad,
          uniq_crazy_yiuf_cottage
D:4:      zin_statuary, uniq_natasha, uniq_duvessa, uniq_menkaure
D:5:      nicolae_overflow_crystal_walls, temple_statues, first_bread
D:6:      serial_shops, nicolae_shop_statue_plus, gup_ossuary_entry_pyramid
Temple:   triangle_lava_temple_11

Skill      XL: |  1  2  3  4  5  6 |
---------------+-------------------+-----
Conjurations   | 2 3 4 |  4.0
Short Blades   | 1 2 3 |  3.2
Translocations | 2 |  2.0
Throwing       | 1 2 |  2.5
Stealth        | 3 4 |  4.1
Dodging        | |  2.0
Spellcasting   | |  3.0
Summonings     | |  1.0

Action                   |  1- 3 |  4- 6 || total
-------------------------+-------+-------++-------
Melee: Unarmed           |    13 |       ||    13
       Dagger            |    35 |    34 ||    69
 Fire: Blowgun           |       |     5 ||     5
 Cast: Magic Dart        |    54 |    73 ||   127
       Repel Missiles    |     1 |     1 ||     2
  Use: Scroll            |     3 |     6 ||     9
       Potion            |       |     1 ||     1
 Stab: Sleeping          |     9 |     3 ||    12
  Eat: Chunk             |     2 |     5 ||     7
       Pizza             |     1 |       ||     1
       Fruit             |       |     2 ||     2
       Beef jerky        |       |     1 ||     1
